 Dungeon Crawl Stone Soup version 0.22.1-6-g1668fe2 (webtiles) character file.

27727 Fang the Cleaver (level 13, -4/127 HPs)
             Began as a Gargoyle Berserker on Feb 4, 2019.
             Was the Champion of Trog.
             Slain by a tyrant leech (8 damage)
             ... on level 3 of the Lair of Beasts on Feb 5, 2019.
             The game lasted 00:31:44 (19259 turns).

Fang the Cleaver (Gargoyle Berserker)              Turns: 19259, Time: 00:31:44

Health: -4/127     AC: 28    Str: 31    XL:     13   Next: 34%
Magic:  0/13       EV: 11    Int:  8    God:    Trog [******]
Gold:   356        SH:  0    Dex:  9    Spells: 12/12 levels left

rFire    . . .     SeeInvis +   x - +1 executioner's axe of Defence {freeze, rN+ Stlth+}
rCold    . . .     Gourm    .   (shield currently unavailable)
rNeg     + + .     Faith    .   k - +2 plate armour
rPois    ∞         Spirit   +   (no helmet)
rElec    +         Reflect  .   D - scarf {Spirit}
rCorr    .         Harm     .   (no gloves)
MR       +....                  (no boots)
Stlth    ..........             s - amulet "Lyoschoc" {RegenMP rF+}
HPRegen  0.31/turn              h - ring of see invisible
MPRegen  0.38/turn              d - ring of Ruibep {rPois rF- MR+ AC+3}

@: berserking (expiring), slowed, very slow
A: negative energy resistance 1, electricity resistance, unbreathing,
petrification resistance, rot immunity, AC +9
a: Berserk, Trog's Hand, Brothers in Arms, Renounce Religion


You were on level 3 of the Lair of Beasts.
You worshipped Trog.
Trog was exalted by your worship.
You were near starving.

You visited 4 branches of the dungeon, and saw 16 of its levels.
You also visited: Sewer.

You collected 356 gold pieces.

Inventory:

Hand Weapons
 g - a +3 war axe
 x - the +1 executioner's axe of Defence (weapon) {freeze, rN+ Stlth+}
   (You acquired it on level 1 of the Lair of Beasts)

   It has been specially enchanted to freeze those struck by it, causing extra
   injury to most foes and up to half again as much damage against particularly
   susceptible opponents.
   It can also slow down cold-blooded creatures.
   It protects you from negative energy.
   It makes you more stealthy.
 E - a +0 hand axe of chopping
Armour
 k - a +2 plate armour (worn)
 D - a scarf of spirit shield (worn)
Jewellery
 d - the ring of Ruibep (right hand) {rPois rF- MR+ AC+3}
   (You found it on level 6 of the Dungeon)

   [ring of protection]

   It affects your AC (+3).
   It makes you vulnerable to fire.
   It protects you from poison.
   It affects your resistance to hostile enchantments.
 h - a ring of see invisible (left hand)
 n - an uncursed ring of positive energy
 s - the amulet "Lyoschoc" (around neck) {RegenMP rF+}
   (You found it on level 4 of the Dungeon)

   [amulet of magic regeneration]

   It increases your magic regeneration.
   It protects you from fire.
 v - an uncursed ring of protection from cold {unknown}
 J - an uncursed ring of ice
Wands
 w - a wand of acid (6)
 A - a wand of random effects (36)
 F - a wand of flame (23)
 G - a wand of clouds (5)
 K - a wand of iceblast (12)
Scrolls
 b - 3 scrolls of fog
 e - 6 scrolls of teleportation
 m - 3 scrolls of magic mapping
 r - a scroll of blinking
 y - a scroll of identify
 L - 2 scrolls of vulnerability {unknown}
Potions
 a - 2 potions of flight
 f - 3 potions of lignification
 i - a potion of heal wounds
 j - a potion of mutation
 l - 2 potions of resistance
 o - a potion of ambrosia
 p - a potion of haste
 q - 7 potions of curing
 t - a potion of agility
 u - a potion of berserk rage
 z - 3 potions of brilliance
 B - 2 potions of might
 C - a potion of magic
 H - a potion of cancellation
 I - a potion of invisibility
Comestibles
 c - 19 rations


   Skills:
 + Level 11.8 Fighting
 + Level 13.9 Axes
 + Level 9.0 Armour
 + Level 6.7 Dodging
 + Level 6.3 Stealth


You had 12 spell levels left.
You didn't know any spells.
Your spell library was empty.

Dungeon Overview and Level Annotations

Branches:
Dungeon (11/15)            Temple (1/1) D:4            Lair (3/6) D:10
  Swamp (1/4) Lair:2          Orc (0/2) D:11
  Snake: Lair:2-4    Spider: Lair:2-4

Altars:
Ashenzari
Dithmenos
Hepliaklqana
Kikubaaqudgha
Okawaru
Qazlal
Sif Muna
Wu Jian
Xom
Zin
The Shining One

Shops:
D:4 [

Annotations:
D:10 Maurice


Innate Abilities, Weirdness & Mutations

You are resistant to torment.
Your stone body is resilient. (AC +9)
You are immune to poison.
You resist negative energy. (rN+)
You are resistant to electric shocks. (rElec)
You can survive without breathing.
You are immune to petrification.
You are immune to rotting.


Message History

The swamp worm throws harpoon shot at you.
The harpoon shot misses you. The tyrant leech bites you!
* * * LOW HITPOINT WARNING * * *
Unknown command.
Your unstable footing causes you to fumble your attack.
The swamp worm bites you but does no damage.
The tyrant leech bites you but does no damage.
Your plate armour prevents you from hitting the tyrant leech.
The tyrant leech is heavily wounded.
You slice the swamp worm!! You freeze the swamp worm.
You kill the swamp worm!
Trog accepts your kill.
The tyrant leech bites you but does no damage.
Unknown command.
Unknown command.
You slice the torpor snail!! You freeze the torpor snail!
The torpor snail is severely wounded.
You slash the tyrant leech! You freeze the tyrant leech.
The torpor snail barely misses you. The tyrant leech bites you!
You die...

#.P#.#####
##........##
#####≈≈≈≈≈≈≈...###
#≈#≈≈≈≈≈≈≈≈≈≈≈...##
##≈≈≈#######≈≈≈.#.##
#.≈≈##≈≈≈≈≈#≈≈≈....##
#.≈≈# ≈≈w≈≈≈≈≈≈.#...#
#.≈≈##≈≈ww≈#ww†....##
##.≈≈≈#######≈@†...##
#..≈≈≈≈≈≈≈≈≈≈≈≈≈.#.#
##.##≈≈≈≈≈≈≈≈......#
#.#.#.#.≈....#..##.#
#.............#.. .#
#..#.#P.....###.P.
#######.#.......... #
###........### ######
###....###.


You could see a tyrant leech and a torpor snail.

Vanquished Creatures
  2 two-headed ogres (D:11)
  Erica (D:8)
  Nergalle (D:10)
  An unseen horror (D:11)
  Pikel (D:7)
  A cyclops (D:11)
  A manticore (D:11)
  4 elephants (Lair:3)
  A black mamba (Lair:3)
  A spiny frog (Lair:3)
  2 komodo dragons
  A rime drake (Lair:2)
  A hornet (D:11)
  2 trolls
  Prince Ribbit (D:5)
  A tyrant leech (Lair:3)
  A slime creature (D:9)
  6 hippogriffs
  9 blink frogs (Lair:3)
  A spriggan (D:8)
  3 wyverns
  5 wraiths (D:8)
  A basilisk (Lair:3)
  Grum (D:10)
  17 yaks
  A hungry ghost (D:9)
  2 vampire mosquitoes (Lair:2)
  Menkaure (D:7)
  Edmund (D:4)
  4 water moccasins
  8 swamp worms (Lair:3)
  7 porcupines
  A hornet zombie (D:11)
  2 ice beasts
  4 sky beasts
  3 black bears
  8 orc warriors
  3 necrophages (D:11)
  3 phantoms
  2 ogres
  10 wolves
  An eye of draining (D:11)
  3 centaurs
  3 crocodiles
  A big kobold (Sewer)
  Blork the orc (D:4)
  16 bullfrogs
  A wyvern skeleton (D:11)
  2 scorpions
  A water moccasin skeleton (D:4)
  23 wights
  5 howler monkeys
  8 crimson imps
  A quasit (D:8)
  6 bullfrog zombies
  2 centaur zombies
  2 centaur skeletons
  2 hounds
  Crazy Yiuf (D:7)
  8 orc priests
  3 bullfrog skeletons
  2 iguanas
  2 jellies
  Jessica (D:2)
  Ijyb (D:4)
  Natasha (thrice) (D:4)
  9 orc wizards
  5 worker ants
  A hound zombie (D:11)
  3 worker ant zombies
  14 adders
  3 river rats (Sewer)
  2 shadow imps
  3 oozes
  5 worms
  3 dart slugs
  8 leopard geckos
  36 orcs
  6 bats
  9 giant cockroaches
  11 goblins
  10 hobgoblins
  8 jackals
  16 kobolds
  3 quokkas
  5 ball pythons
  A ball python skeleton (D:4)
  3 frilled lizards
  A quokka zombie (D:5)
  7 rats
397 creatures vanquished.

Vanquished Creatures (collateral kills)
  A hydra (Lair:1)
  A fire crab (D:9)
  A glowing orange brain (D:9)
  A wolf spider (D:9)
4 creatures vanquished.

Vanquished Creatures (others)
  3 fungi
  8 plants
  2 withered plants (D:11)
13 creatures vanquished.

Grand Total: 414 creatures vanquished

Notes
Turn   | Place    | Note
-------+----------+-------------------------------------------
     0 | D:1      | Fang the Gargoyle Berserker began the quest for the Orb.
     0 | D:1      | Reached XP level 1. HP: 14/14 MP: 1/1
   152 | D:1      | Reached XP level 2. HP: 19/19 MP: 2/2
   263 | D:1      | Reached skill level 3 in Axes
   696 | D:2      | Found a shattered altar of Ashenzari.
  1005 | D:2      | Noticed Jessica
  1016 | D:2      | Killed Jessica
  1016 | D:2      | Reached XP level 3. HP: 7/24 MP: 3/3
  1236 | D:2      | Found a hazy altar of Hepliaklqana.
  1417 | D:2      | Reached XP level 4. HP: 28/29 MP: 4/4
  1579 | D:2      | Found an ancient bone altar of Kikubaaqudgha.
  1663 | D:2      | Found a faded altar of an unknown god.
  1841 | D:3      | Reached ** piety under Trog
  1923 | D:3      | Reached XP level 5. HP: 15/33 MP: 5/5
  1929 | D:3      | Reached skill level 4 in Axes
  2822 | D:3      | Reached XP level 6. HP: 38/39 MP: 6/6
  3023 | D:3      | Found a deep blue altar of Sif Muna.
  3073 | D:4      | Noticed Natasha
  3082 | D:4      | Reached skill level 5 in Axes
  3085 | D:4      | Killed Natasha
  3386 | D:4      | Got a slimy steel amulet
  3403 | D:4      | Reached skill level 1 in Stealth
  3403 | D:4      | Reached XP level 7. HP: 44/44 MP: 7/7
  3430 | D:4      | Reached *** piety under Trog
  3590 | D:4      | Noticed Natasha
  3591 | D:4      | Noticed Edmund
  3602 | D:4      | Killed Natasha
  3602 | D:4      | Reached skill level 5 in Fighting
  3609 | D:4      | HP: 1/66 [Edmund/flail of protection (6)]
  3615 | D:4      | Killed Edmund
  3615 | D:4      | Reached skill level 6 in Axes
  3794 | D:4      | Noticed Natasha
  3804 | D:4      | Killed Natasha
  4038 | D:4      | Found Cogeur's Antique Armour Boutique.
  4151 | D:4      | Noticed Ijyb
  4158 | D:4      | Killed Ijyb
  4346 | D:4      | Identified the amulet "Lyoschoc" {RegenMP rF+} (You found
                  | it on level 4 of the Dungeon)
  4475 | D:4      | Noticed Blork the orc
  4480 | D:4      | Killed Blork the orc
  4526 | D:4      | Found a staircase to the Ecumenical Temple.
  4540 | D:4      | Reached XP level 8. HP: 36/49 MP: 8/8
  4628 | Temple   | Entered the Ecumenical Temple
  4661 | D:5      | Entered Level 5 of the Dungeon
  4754 | D:5      | Found an iron altar of Okawaru.
  4784 | D:5      | Reached skill level 7 in Axes
  4793 | D:5      | Noticed Prince Ribbit
  4805 | D:5      | Killed Prince Ribbit
  5432 | D:6      | Found a glowing drain.
  5438 | D:6      | Reached **** piety under Trog
  5448 | Sewer    | Entered a sewer
  5643 | Sewer    | Reached skill level 8 in Axes
  5825 | D:6      | Reached XP level 9. HP: 55/55 MP: 9/9
  5926 | D:6      | Found a glowing silver altar of Zin.
  5952 | D:6      | Found an iron altar of Okawaru.
  5969 | D:6      | Found a glowing golden altar of the Shining One.
  5971 | D:6      | Found a stormy altar of Qazlal.
  6440 | D:6      | Found an ornate altar of the Wu Jian Council.
  6446 | D:6      | Got a slimy steel ring
  6500 | D:6      | Identified the ring of Ruibep {rPois rF- MR+ AC+3} (You
                  | found it on level 6 of the Dungeon)
  6560 | D:7      | Noticed Pikel
  6567 | D:7      | Killed Pikel
  6630 | D:7      | Found a shadowy altar of Dithmenos.
  6755 | D:7      | Reached skill level 9 in Axes
  6774 | D:7      | Noticed Menkaure
  6780 | D:7      | Killed Menkaure
  7187 | D:7      | Found a runed door.
  7370 | D:7      | Noticed Crazy Yiuf
  7377 | D:7      | Killed Crazy Yiuf
  7483 | D:8      | You fall through a shaft for 2 floors!
  7483 | D:10     | Entered Level 10 of the Dungeon
  7761 | D:8      | Noticed Erica
  7764 | D:8      | Reached ***** piety under Trog
  7796 | D:8      | Killed Erica
  7796 | D:8      | Reached skill level 10 in Axes
  7796 | D:8      | Reached XP level 10. HP: 25/63 MP: 8/10
  8040 | D:8      | Reached skill level 5 in Dodging
  8248 | D:8      | You fall through a shaft!
  8728 | D:8      | Found the +5 scythe "Finisher" {speed, Str+3}
  8785 | D:8      | Reached skill level 5 in Stealth
  9389 | D:9      | Noticed a fire crab
  9389 | D:9      | Noticed a glowing orange brain
  9389 | D:9      | Noticed a wolf spider
  9395 | D:9      | Killed a glowing orange brain
  9398 | D:9      | Killed a fire crab
  9398 | D:9      | Reached skill level 11 in Axes
  9398 | D:9      | Reached XP level 11. HP: 51/69 MP: 5/11
  9400 | D:9      | Killed a wolf spider
 10282 | D:10     | Found a glowing silver altar of Zin.
 10971 | D:10     | Noticed Grum
 11014 | D:10     | Killed Grum
 11431 | D:10     | Noticed Nergalle
 11437 | D:10     | Noticed a spectral orc warlord
 11526 | D:10     | Killed Nergalle
 11809 | D:10     | Received a gift from Trog
 12008 | D:10     | Noticed Maurice
 12159 | D:10     | Found a staircase to the Lair.
 12285 | D:10     | HP: 2/106 [komodo dragon (8)]
 12821 | D:11     | Reached skill level 5 in Armour
 12962 | D:11     | Found a shimmering altar of Xom.
 13259 | D:11     | Noticed a two-headed ogre
 13274 | D:11     | Killed a two-headed ogre
 13274 | D:11     | Reached skill level 12 in Axes
 13756 | D:11     | Noticed a manticore
 13766 | D:11     | Killed a manticore
 13766 | D:11     | Reached skill level 10 in Fighting
 13780 | D:11     | Noticed a cyclops
 13814 | D:11     | Killed a cyclops
 13814 | D:11     | Reached XP level 12. HP: 30/77 MP: 4/12
 14691 | D:11     | Noticed a two-headed ogre
 14708 | D:11     | Killed a two-headed ogre
 14933 | D:11     | Found a staircase to the Orcish Mines.
 15372 | Lair:1   | Entered Level 1 of the Lair of Beasts
 15440 | Lair:1   | Found a frozen archway.
 15703 | Lair:1   | Identified a scroll of acquirement
 15706 | Lair:1   | Got an ancient executioner's axe
 15878 | Lair:1   | Noticed a seven-headed hydra
 15886 | Lair:1   | Killed a seven-headed hydra
 16900 | Lair:2   | Reached skill level 13 in Axes
 17215 | Lair:2   | Found a staircase to the Swamp.
 17636 | Swamp:1  | Entered Level 1 of the Swamp
 18299 | Lair:3   | Identified the +1 executioner's axe of Defence {freeze, rN+
                  | Stlth+} (You acquired it on level 1 of the Lair of Beasts)
 18355 | Lair:3   | Reached XP level 13. HP: 80/84 MP: 11/13
 19255 | Lair:3   | Reached ****** piety under Trog
 19256 | Lair:3   | HP: 3/127 [tyrant leech (6)]
 19259 | Lair:3   | Slain by a tyrant leech

Skill      XL: |  1  2  3  4  5  6  7  8  9 10 11 12 13 |
---------------+----------------------------------------+-----
Axes           | 3 4 5 6 8 10 11 12 13 | 13.9
Fighting       | 4 5 7 8 10 11 | 11.8
Dodging        | 2 3 4 5 6 |  6.7
Stealth        | 1 3 4 5 6 |  6.3
Armour         | 3 4 5 8 9 |  9.0

Action                   |  1- 3 |  4- 6 |  7- 9 | 10-12 | 13-15 || total
-------------------------+-------+-------+-------+-------+-------++-------
Melee: Hand axe          |    78 |    72 |       |  1470 |       ||  1620
       War axe           |       |    76 |   363 |    92 |       ||   531
       Executioner's axe |       |       |       |    11 |   105 ||   116
Invok: Berserk           |       |     4 |     4 |    12 |     2 ||    22
       Brothers in Arms  |       |       |       |     2 |       ||     2
  Use: Scroll            |       |       |    16 |    13 |     2 ||    31
       Potion            |       |       |       |     3 |       ||     3
 Stab: Sleeping          |       |       |     6 |    12 |       ||    18
       Distracted        |       |       |       |     2 |       ||     2
  Eat: Chunk             |     2 |     9 |    14 |    25 |     3 ||    53
       Ration            |       |       |     1 |     8 |       ||     9
Armor: Animal skin       |    38 |    43 |    10 |       |       ||    91
       Leather armour    |       |       |   117 |   267 |       ||   384
       Plate armour      |       |       |       |   560 |   124 ||   684
Dodge: Dodged            |    50 |   103 |   211 |   809 |    79 ||  1252
